 Dungeon Crawl Stone Soup version 0.30-b1-2-g02819fbbbe (webtiles) character file.

Game seed: 11859698625445283687

8 Alarkh the Vexing (level 2, 21/21 HPs)
             Began as a Demonspawn Hexslinger on July 9, 2023.
             Got out of the dungeon alive.
             The game lasted 00:00:19 (229 turns).

Alarkh the Vexing (Demonspawn Hexslinger)            Turns: 229, Time: 00:00:19

Health: 21/21      AC:  4    Str: 10    XL:     2   Next: 0%
Magic:  3/3        EV: 12    Int: 14    God:
Gold:   26         SH:  0    Dex: 13    Spells: 2/3 levels left

rFire   . . .        a - +1 sling
rCold   . . .        (no shield)
rNeg    . . .        c - +0 robe
rPois   .            (no helmet)
rElec   .            (no cloak)
rCorr   .            (no gloves)
SInv    .            (no boots)
Will    .....        (no amulet)
Stlth   +            (no ring)
HPRegen 0.23/turn    (no ring)
MPRegen 0.08/turn

%: no passive effects
@: no status effects
A: thin metallic scales 1
a: no special abilities


You escaped.
You visited 1 branch of the dungeon, and saw 1 of its levels.

You collected 26 gold pieces.

Inventory:

Hand Weapons
 a - a +1 sling (weapon)
Armour
 c - a +0 robe (worn)
 d - a +1 leather armour of cold resistance
Scrolls
 b - a scroll of poison


   Skills:
 + Level 1.3 Fighting
 * Level 2.3 Ranged Weapons
 - Level 1.7 Dodging
 - Level 1.0 Spellcasting
 - Level 3.0 Hexes


You had 2 spell levels left.
You knew the following spells:

 Your Spells              Type           Power      Damage    Failure   Level
a - Slow                  Hex            36%        N/A       8%          1

Your spell library contained the following spells:

 Spells                   Type           Power      Damage    Failure   Level
 Inner Flame              Hex/Fire       4%         N/A       38%         3
 Portal Projectile        Hex/Tloc       8%         N/A       38%         3
 Cause Fear               Hex            4%         N/A       58%         4


Dungeon Overview and Level Annotations

Branches:
Dungeon (1/15)

Altars:

Shops:
D:1 !


Innate Abilities, Weirdness & Mutations

You are partially covered in thin metallic scales. (AC +2)


Message History

The ball python constricts the plant.
The endoplasm barely misses you.
You shoot a sling bullet.
The sling bullet barely misses the endoplasm.
The sling bullet hits the plant.
The plant is lightly damaged.
The ball python bites the plant.
The ball python constricts the plant.
The endoplasm hits you but does no damage.
The ball python bites the plant.
The ball python constricts the plant.
You shoot a sling bullet. The sling bullet hits the endoplasm!
You kill the endoplasm!
A nearby plant withers and dies. x2
The ball python loses its grip on the plant.
You shoot a sling bullet. The sling bullet hits the ball python.
You kill the ball python!
A nearby plant withers and dies.
No target in view!
HP restored.
You enter the shallow water.
Moving in this stuff is going to be slow.
There is an entrance to Vipseduq's Distillery here.
A ball python comes into view.
Found a runed leather armour.
The ball python hisses angrily.
A ball python is nearby!
A ball python is nearby!
You shoot a sling bullet.
The sling bullet barely misses the ball python.
You shoot a sling bullet.
The sling bullet completely misses the ball python.
You shoot a sling bullet. The sling bullet hits the ball python.
You kill the ball python!
You have reached level 2!
Your demonic ancestry asserts itself...
Thin metallic scales grow over part of your body.
You see here a ball python corpse.
You see here a +1 leather armour of cold resistance.
d - a +1 leather armour of cold resistance
There is a staircase leading out of the dungeon here.
Are you sure you want to leave the Dungeon?
This will make you lose the game!
You have escaped!

##################
≈≈§§≈≈≈≈≈≈≈≈≈≈≈≈##
≈≈~§§~~~~~§§≈≈≈≈≈##
~§§§§§~~~~§§§§§≈≈§#
§§~§§§§...§§§§§~~§##
§~.§.§..).§.§§§§§~§###
.......@..♣.∩..§§§§~~###
..∩.............§.§.§§~#
.....♣...♣....∩..♣.§.§..
...................∩....
......................♣.
..................♣.....
........................
.......................
...................


There were no monsters in sight!

Vanquished Creatures
  2 ball pythons (D:1)
  3 endoplasms (D:1)
  A bat (D:1)
  A kobold (D:1)
7 creatures vanquished.

Vanquished Creatures (others)
  5 plants (D:1)
5 creatures vanquished.

Grand Total: 12 creatures vanquished

Notes
Turn   | Place    | Note
-------+----------+-------------------------------------------
     0 | D:1      | Alarkh the Demonspawn Hexslinger began the quest for the
                  | Orb.
     0 | D:1      | Reached XP level 1. HP: 15/15 MP: 2/2
    56 | D:1      | Found Vipseduq's Distillery.
   178 | D:1      | Gained mutation: You are partially covered in thin metallic
                  | scales. (AC +2) [demonic ancestry]
   178 | D:1      | Reached XP level 2. HP: 21/21 MP: 3/3
   229 | D:$      | Got out of the dungeon alive.

Illustrated notes

Levels and vault maps discovered:
D:1:      tekkud_arrival_beachfront_property, layout_basic, serial_bayou,
          serial_bayou_pond_c, serial_bayou_pond_e, serial_bayou_lake_a,
          serial_bayou_shore_b, serial_bayou_shore_b, serial_shops, shop

Skill      XL: |  1 |
---------------+----+-----
Ranged Weapons | 2 |  2.3
Fighting       | |  1.3
Dodging        | |  1.7
Spellcasting   | |  1.0
Hexes          | |  3.0

Action                     || total
---------------------------++-------
   Fire: Sling             ||    16
 Armour: Robe              ||     2
  Dodge: Dodged            ||     1
